PCL
SPOKANE TRAPPERS @ SANTA MONICA BRUINS
04/14/2028
 
TOP OF THE 1ST
Spokane Trappers batting - Pitching for Santa Monica Bruins : LHP John Whitaker
Pitching: LHP John Whitaker
Batting: RHB Enrique Mendoza 0-0: Ball
1-0: Ball
2-0: Swinging Strike
2-1: Ball
3-1: Base on Balls
Batting: LHB José Berroa 0-0: Ball
1-0: DOUBLE (Line Drive, 8LXD)
Enrique Mendoza to third
Runner from 3rd tries for Home, SAFE, no throw
Batting: LHB Will Hill 0-0: Ball
1-0: Ball
Wild Pitch!
José Berroa to third
2-0: Called Strike
2-1: Ball
3-1: Base on Balls
Batting: RHB Ramiro Ross 0-0: Foul Ball, location: 2F
0-1: Ground out 5-3 (Groundball, 56S)
José Berroa scores
Will Hill to second
Batting: LHB Alan Moore 0-0: Ball
1-0: Foul Ball, location: 2F
1-1: Ball
2-1: Swinging Strike
2-2: Fly out, F7 (Flyball, 78S)
Batting: RHB Clyde Kelley 0-0: Ball
1-0: Ground out 5-3 (Groundball, 56)
Top of the 1st over - 2 run(s), 1 hit(s), 0 error(s), 1 left on base; Spokane 2 - Santa Monica 0
BOTTOM OF THE 1ST
Santa Monica Bruins batting - Pitching for Spokane Trappers : LHP Pedro Mata
Pitching: LHP Pedro Mata
Batting: RHB Armando Colón 0-0: Ball
1-0: Called Strike
1-1: Fly out, F8 (Flyball, 8RD)
Batting: RHB Luis Martínez 0-0: Fly out, F7 (Line Drive, 7D)
Batting: RHB Johnny Williams 0-0: Ball
1-0: Ball
2-0: Ball
3-0: Base on Balls
Batting: SHB Chris Woods 0-0: Fielders Choice at 2nd, 6-4 (Groundball, 6)
Bottom of the 1st over - 0 run(s), 0 hit(s), 0 error(s), 0 left on base; Spokane 2 - Santa Monica 0
TOP OF THE 2ND
Spokane Trappers batting - Pitching for Santa Monica Bruins : LHP John Whitaker
Batting: RHB Trent Rasmussen 0-0: Ball
1-0: Ball
2-0: Ball
3-0: Called Strike
3-1: Called Strike
3-2: Foul Ball, location: 2F
3-2: Strikes out swinging
Batting: RHB Sergio Solíz 0-0: Foul Ball, location: 2F
0-1: Ball
1-1: Called Strike
1-2: Strikes out looking
Batting: LHB Jaime Padilla 0-0: Called Strike
0-1: SINGLE (Line Drive, 6D)
Batting: RHB Enrique Mendoza 0-0: Called Strike
0-1: Ball
1-1: Swinging Strike
1-2: Fly out, F7 (Flyball, 7S)
Top of the 2nd over - 0 run(s), 1 hit(s), 0 error(s), 1 left on base; Spokane 2 - Santa Monica 0
BOTTOM OF THE 2ND
Santa Monica Bruins batting - Pitching for Spokane Trappers : LHP Pedro Mata
Batting: RHB Ernest Russell 0-0: Ball
1-0: Ball
2-0: Ball
3-0: Called Strike
3-1: Foul Ball, location: 2F
3-2: Foul Ball, location: 2F
3-2: Foul Ball, location: 2F
3-2: Base on Balls
Batting: LHB Morgan Wright 0-0: Ball
1-0: Ball
2-0: Called Strike
2-1: Ball
3-1: Base on Balls
Ernest Russell to second
Batting: LHB Ken Phillips 0-0: Called Strike
0-1: Ball
1-1: Foul Ball, location: 2F
1-2: DOUBLE (Line Drive, 9LD)
Ernest Russell scores
Morgan Wright to third
Batting: LHB Ramiro Martínez 0-0: Ball
1-0: Ball
Wild Pitch!
Morgan Wright scores
Ken Phillips to third
2-0: SINGLE (Groundball, 6D)
Ken Phillips scores
Batting: LHB Francisco Medina 0-0: Called Strike
0-1: Called Strike
0-2: Ball
1-2: Ball
2-2: Foul Ball, location: 2F
2-2: Ground out 4-3 (Groundball, 34)
Ramiro Martínez to second
Batting: RHB Armando Colón 0-0: Ball
1-0: Ball
2-0: SINGLE (Groundball, 6MD)
Ramiro Martínez to third
Runner from 3rd tries for Home, SAFE, no throw
Batting: RHB Luis Martínez 0-0: Ball
1-0: Fly out, F7 (Flyball, 7S)
Batting: RHB Johnny Williams 0-0: Ball
1-0: Called Strike
1-1: SINGLE (Line Drive, 3)
Armando Colón to second
Batting: SHB Chris Woods 0-0: Fly out, F9 (Flyball, 89D)
Bottom of the 2nd over - 4 run(s), 4 hit(s), 0 error(s), 2 left on base; Spokane 2 - Santa Monica 4
TOP OF THE 3RD
Spokane Trappers batting - Pitching for Santa Monica Bruins : LHP John Whitaker
Batting: LHB José Berroa 0-0: Called Strike
0-1: Ball
1-1: Swinging Strike
1-2: Strikes out looking
Batting: LHB Will Hill 0-0: Fly out, F2 (Popup, 15)
Batting: RHB Ramiro Ross 0-0: Ball
1-0: Ball
2-0: Foul Ball, location: 2F
2-1: Ball
3-1: Foul Ball, location: 2F
3-2: Foul Ball, location: 2F
3-2: Base on Balls
Batting: LHB Alan Moore 0-0: Ball
1-0: Called Strike
1-1: Foul Ball, location: 2F
1-2: Ball
2-2: Ball
3-2: Foul Ball, location: 2F
3-2: DOUBLE (Flyball, 8LXD)
Ramiro Ross to third
Ramiro Ross scores
Batting: RHB Clyde Kelley 0-0: Ball
1-0: Fly out, F9 (Line Drive, 89S)
Top of the 3rd over - 1 run(s), 1 hit(s), 0 error(s), 1 left on base; Spokane 3 - Santa Monica 4
BOTTOM OF THE 3RD
Santa Monica Bruins batting - Pitching for Spokane Trappers : LHP Pedro Mata
Batting: RHB Ernest Russell 0-0: Called Strike
0-1: Foul Ball, location: 2F
0-2: Ball
1-2: Ball
2-2: Ground out 6-3 (Groundball, 6)
Batting: LHB Morgan Wright 0-0: Ball
1-0: Ball
2-0: Called Strike
2-1: Ball
3-1: Base on Balls
Batting: LHB Ken Phillips 0-0: Ball
1-0: Foul Ball, location: 2F
1-1: Ball
2-1: Ball
3-1: Base on Balls
Morgan Wright to second
Batting: LHB Ramiro Martínez 0-0: Ball
1-0: Swinging Strike
1-1: Ball
2-1: Foul Ball, location: 2F
2-2: Foul Ball, location: 2F
2-2: SINGLE (Line Drive, 34D)
Morgan Wright to third
Ken Phillips to second
Batting: LHB Francisco Medina 0-0: Fielders Choice at 2nd, 4-6 (Groundball, 4)
Morgan Wright scores
Ken Phillips to third
Batting: RHB Armando Colón 0-0: Ball
1-0: Swinging Strike
1-1: Foul Ball, location: 2F
1-2: DOUBLE (Line Drive, 7LD)
Ken Phillips scores
Francisco Medina to third
Runner from 3rd tries for Home, SAFE, no throw
Pitching: RHP Tony Baltazar
Batting: RHB Luis Martínez 0-0: Ball
1-0: Foul Ball, location: 2F
1-1: Swinging Strike
1-2: Ball
2-2: Fly out, F4 (Popup, 4D)
Bottom of the 3rd over - 3 run(s), 2 hit(s), 0 error(s), 1 left on base; Spokane 3 - Santa Monica 7
TOP OF THE 4TH
Spokane Trappers batting - Pitching for Santa Monica Bruins : LHP John Whitaker
Batting: RHB Trent Rasmussen 0-0: SINGLE (Groundball, 6D)
Batting: RHB Sergio Solíz 0-0: Ball
1-0: Fly out, F9 (Flyball, 9S)
Batting: LHB Jaime Padilla 0-0: SINGLE (Groundball, 4MD)
Trent Rasmussen to second
Runner from 2nd tries for 3rd, SAFE, throw made to third
Batting: RHB Enrique Mendoza 0-0: Swinging Strike
0-1: Foul Ball, location: 2F
0-2: Ball
1-2: Foul Ball, location: 2F
1-2: Ball
2-2: Strikes out swinging
Batting: LHB José Berroa 0-0: Ball
1-0: Foul Ball, location: 2F
1-1: Foul Ball, location: 2F
1-2: Ball
2-2: Ground out 6-3 (Groundball, 6)
Top of the 4th over - 0 run(s), 2 hit(s), 0 error(s), 2 left on base; Spokane 3 - Santa Monica 7
BOTTOM OF THE 4TH
Santa Monica Bruins batting - Pitching for Spokane Trappers : RHP Tony Baltazar
Batting: RHB Johnny Williams 0-0: Ball
1-0: Swinging Strike
1-1: Foul Ball, location: 2F
1-2: Ball
2-2: Strikes out swinging
Batting: SHB Chris Woods 0-0: Called Strike
0-1: Ball
1-1: Swinging Strike
1-2: Foul Ball, location: 2F
1-2: Foul Ball, location: 2F
1-2: Ball
2-2: Ball
3-2: Strikes out swinging
Batting: RHB Ernest Russell 0-0: Ball
1-0: Foul Ball, location: 2F
1-1: Called Strike
1-2: Ball
2-2: Strikes out swinging
Bottom of the 4th over - 0 run(s), 0 hit(s), 0 error(s), 0 left on base; Spokane 3 - Santa Monica 7
TOP OF THE 5TH
Spokane Trappers batting - Pitching for Santa Monica Bruins : LHP John Whitaker
Batting: LHB Will Hill 0-0: Called Strike
0-1: Ball
1-1: Foul Ball, location: 2F
1-2: Ball
2-2: Strikes out swinging
Batting: RHB Ramiro Ross 0-0: Called Strike
0-1: Foul Ball, location: 2F
0-2: Ball
1-2: Foul Ball, location: 2F
1-2: Strikes out swinging
Batting: LHB Alan Moore 0-0: Swinging Strike
0-1: Ball
1-1: Ball
2-1: Fly out, F8 (Flyball, 8RM)
Top of the 5th over - 0 run(s), 0 hit(s), 0 error(s), 0 left on base; Spokane 3 - Santa Monica 7
BOTTOM OF THE 5TH
Santa Monica Bruins batting - Pitching for Spokane Trappers : RHP Tony Baltazar
Batting: LHB Morgan Wright 0-0: Called Strike
0-1: Ball
1-1: Ball
2-1: Foul Ball, location: 2F
2-2: Foul Ball, location: 2F
2-2: Ball
3-2: Foul Ball, location: 2F
3-2: Base on Balls
Batting: LHB Ken Phillips 0-0: Swinging Strike
0-1: Swinging Strike
0-2: Ball
1-2: Foul Ball, location: 2F
1-2: Fly out, F8 (Flyball, 8LM)
Batting: LHB Ramiro Martínez 0-0: Foul Ball, location: 2F
0-1: Fly out, F8 (Flyball, 8LD)
Batting: LHB Francisco Medina 0-0: Foul Ball, location: 2F
0-1: Ball
1-1: Foul Ball, location: 2F
1-2: Ground out 1-3 (Groundball, 15S)
Bottom of the 5th over - 0 run(s), 0 hit(s), 0 error(s), 1 left on base; Spokane 3 - Santa Monica 7
TOP OF THE 6TH
Spokane Trappers batting - Pitching for Santa Monica Bruins : LHP John Whitaker
Batting: RHB Clyde Kelley 0-0: Ball
1-0: Ball
2-0: Ball
3-0: Called Strike
3-1: Called Strike
3-2: Fly out, F8 (Flyball, 8RXD)
Batting: RHB Trent Rasmussen 0-0: Ball
1-0: Called Strike
1-1: Foul Ball, location: 2F
1-2: Ball
2-2: Strikes out looking
Batting: RHB Sergio Solíz 0-0: Fly out, F8 (Flyball, 89M)
Top of the 6th over - 0 run(s), 0 hit(s), 0 error(s), 0 left on base; Spokane 3 - Santa Monica 7
BOTTOM OF THE 6TH
Santa Monica Bruins batting - Pitching for Spokane Trappers : RHP Tony Baltazar
Batting: RHB Armando Colón 0-0: Ball
1-0: Ground out 4-3 (Groundball, 4)
Batting: RHB Luis Martínez 0-0: Ball
1-0: Ball
2-0: Foul Ball, location: 2F
2-1: Foul Ball, location: 2F
2-2: Foul Ball, location: 2F
2-2: Ball
3-2: Reached on error, E6 (Groundball, 6)
Batting: RHB Johnny Williams 0-0: Ball
1-0: Foul Ball, location: 2F
1-1: DOUBLE (Flyball, 89D)
Luis Martínez to third
Batting: SHB Chris Woods 0-0: SINGLE (Flyball, 7S)
Luis Martínez scores
Johnny Williams to third
Runner from 3rd tries for Home, throw and OUT!
Batting: RHB Ernest Russell 0-0: Ball
1-0: Ball
2-0: Called Strike
2-1: Fielders Choice at 2nd, 6-4 (Groundball, 56)
Bottom of the 6th over - 1 run(s), 2 hit(s), 1 error(s), 0 left on base; Spokane 3 - Santa Monica 8
TOP OF THE 7TH
Spokane Trappers batting - Pitching for Santa Monica Bruins : LHP John Whitaker
Pitching: LHP Don Sutherland
Batting: LHB Jaime Padilla 0-0: Swinging Strike
0-1: Ball
1-1: Foul Ball, location: 2F
1-2: Ball
2-2: Ground out 1-3 (Groundball, 13)
Batting: RHB Enrique Mendoza 0-0: Ball
1-0: Ball
2-0: Ball
3-0: Called Strike
3-1: Ground out 6-3 (Groundball, 6M)
Batting: LHB José Berroa 0-0: Swinging Strike
0-1: Called Strike
0-2: Ball
1-2: Ball
2-2: Ball
3-2: Base on Balls
Batting: LHB Will Hill 0-0: Called Strike
0-1: Ball
1-1: Fly out, F9 (Flyball, 9D)
Top of the 7th over - 0 run(s), 0 hit(s), 0 error(s), 1 left on base; Spokane 3 - Santa Monica 8
BOTTOM OF THE 7TH
Santa Monica Bruins batting - Pitching for Spokane Trappers : RHP Tony Baltazar
Batting: LHB Morgan Wright 0-0: Ball
1-0: Foul Ball, location: 2F
1-1: Called Strike
1-2: DOUBLE (Line Drive, 8RXD)
Batting: LHB Ken Phillips 0-0: Ball
1-0: Ball
2-0: Foul Ball, location: 2F
2-1: Ground out 4-3 (Groundball, 4D)
Morgan Wright to third
Batting: LHB Ramiro Martínez 0-0: Called Strike
0-1: Called Strike
0-2: Ball
1-2: Foul Ball, location: 2F
1-2: Ball
2-2: Reached on error, E5 (Groundball, 56S)
Morgan Wright scores
Batting: LHB Francisco Medina 0-0: Foul Ball, location: 2F
0-1: Swinging Strike
0-2: Foul Ball, location: 2F
0-2: Ball
1-2: Foul Ball, location: 2F
1-2: Fly out, F8 (Flyball, 89D)
Runner from 2nd tags up, SAFE at 3rd, no throw
Batting: RHB Armando Colón 0-0: Foul Ball, location: 2F
0-1: Swinging Strike
0-2: Strikes out swinging
Bottom of the 7th over - 1 run(s), 1 hit(s), 1 error(s), 1 left on base; Spokane 3 - Santa Monica 9
TOP OF THE 8TH
Spokane Trappers batting - Pitching for Santa Monica Bruins : LHP Don Sutherland
Now at 1B: Roberto Cruz
Batting: RHB Ramiro Ross 0-0: Ball
1-0: Ball
2-0: Foul Ball, location: 2F
2-1: Swinging Strike
2-2: Foul Ball, location: 2F
2-2: Strikes out swinging, 2-3 out at first.
Batting: LHB Alan Moore 0-0: Ball
1-0: Ball
2-0: SINGLE (Groundball, 6MD)
Batting: RHB Clyde Kelley 0-0: Called Strike
0-1: Fielders Choice at 2nd, 5-4 (Groundball, 5)
Batting: RHB Trent Rasmussen 0-0: Ball
1-0: Ball
2-0: Ball
3-0: Called Strike
3-1: Fielders Choice at 2nd, 5-4 (Groundball, 5)
Top of the 8th over - 0 run(s), 1 hit(s), 0 error(s), 0 left on base; Spokane 3 - Santa Monica 9
BOTTOM OF THE 8TH
Santa Monica Bruins batting - Pitching for Spokane Trappers : RHP Tony Baltazar
Pitching: RHP Mark Tidwell
Batting: RHB Luis Martínez 0-0: Swinging Strike
0-1: Ball
1-1: Foul Ball, location: 2F
1-2: Ball
2-2: Foul Ball, location: 2F
2-2: Strikes out swinging
Batting: RHB Johnny Williams 0-0: Called Strike
0-1: Called Strike
0-2: Ball
1-2: Ball
2-2: SINGLE (Flyball, 7S)
Batting: SHB Chris Woods 0-0: Called Strike
Johnny Williams steals 2nd base
0-1: Foul Ball, location: 2F
0-2: Ball
1-2: Strikes out swinging
Batting: RHB Ernest Russell 0-0: Fly out, F8 (Flyball, 78M)
Bottom of the 8th over - 0 run(s), 1 hit(s), 0 error(s), 1 left on base; Spokane 3 - Santa Monica 9
TOP OF THE 9TH
Spokane Trappers batting - Pitching for Santa Monica Bruins : LHP Don Sutherland
Batting: RHB Sergio Solíz 0-0: Ball
1-0: Hit by Pitch
Batting: LHB Jaime Padilla 0-0: Called Strike
0-1: Hit by Pitch
Sergio Solíz to second
Batting: RHB Enrique Mendoza 0-0: Swinging Strike
0-1: Fly out, F4 (Popup, 34D)
Batting: LHB José Berroa 0-0: Foul Ball, location: 2F
0-1: Ball
1-1: Foul Ball, location: 2F
1-2: Strikes out looking
Batting: LHB Will Hill 0-0: Swinging Strike
0-1: Fielders Choice at 2nd, 4-6 (Groundball, 4)
Top of the 9th over - 0 run(s), 0 hit(s), 0 error(s), 1 left on base; Spokane 3 - Santa Monica 9
Tuesday, August 8th, 2017 - OOTP Baseball 17.12 Build 75